Map: Solaris LE

Players

Subwayeatn

  • Race: Zerg Zerg
  • League: Platinum
  • Spawn Location: 1:00

MasterOfMerk - Winner!

  • Race: Protoss Protoss
  • League: Diamond
  • Spawn Location: 7:00

VOD

Have the link to the VOD?

Description

Time

  • Played on: Oct. 31, 2023, 5:49 p.m.
  • Length: 16:56
Show
View Real Time Build Order
Export as new Build Order

Subwayeatn Zerg 

Build Orders: Pool First, Lurkers, Zergling Baneling 

Get SALT Encoding   

  12  0:17  Spawning Pool  
  11  0:22  Drone  
  11  0:26  Drone  
  13  0:30  Drone  
  14  0:40  Overlord  
  14  1:04  Hatchery  
  14  1:08  Zergling x2  
  14  1:18  Queen  
  14  1:23  Zergling x2  
  17  1:27  Zergling x2  
  17  1:31  Zergling x2  
  19  1:36  Zergling x2  
  20  1:56  Queen  
  22  2:23  Zergling x2  
  22  2:24  Zergling x6  
  23  2:51  Extractor  
  22  2:59  Overlord  
  22  3:00  Drone x5  
  27  3:16  Queen  
  27  3:19  Drone x4  
  33  3:31  Overlord  
  33  3:33  Drone x2  
  35  3:39  Baneling Nest  
  34  3:55  Drone x5  
  34  3:56  Drone x2, Extractor  
  40  4:17  Metabolic Boost  
  40  4:22  Overlord  
  40  4:23  Overlord  
  40  4:24  Zergling x2  
  40  4:25  Zergling x6  
  44  4:33  Baneling  
  44  4:34  Baneling x2  
  44  4:35  Baneling  
  44  4:51  Zergling x22  
  55  4:53  Zergling x2  
  55  4:57  Baneling x4  
  55  4:59  Baneling  
  56  5:03  Baneling  
  56  5:09  Overlord  
  56  5:18  Zergling x2  
  56  5:19  Zergling x6  
  51  5:55  Zergling x22  
  51  5:56  Zergling x2  
  50  6:08  Baneling x7  
  50  6:09  Baneling x2  
  50  6:20  Zergling x8  
  54  6:30  Hatchery  
  37  6:48  Lair  
  33  7:03  Extractor  
  33  7:04  Overlord  
  33  7:05  Drone x12, Extractor  
  33  7:06  Drone  
  44  7:18  Evolution Chamber  
  44  7:19  Evolution Chamber  
  42  7:25  Drone  
  42  7:28  Overlord  
  42  7:29  Drone x4  
  48  7:30  Drone  
  48  7:31  Drone  
  49  7:46  Drone x5  
  54  7:58  Hydralisk Den  
  53  8:01  Overlord  
  53  8:04  Overseer  
  53  8:05  Overseer  
  53  8:08  Zergling x12  
  59  8:14  Centrifugal Hooks  
  59  8:18  Zergling x10  
  63  8:28  Baneling  
  63  8:29  Hydralisk, Baneling x7  
  63  8:33  Hydralisk  
  65  8:36  Hydralisk  
  66  8:46  Hydralisk x2  
  66  8:47  Hydralisk  
  70  8:50  Grooved Spines  
  72  9:11  Hydralisk  
  72  9:12  Hydralisk x5  
  72  9:13  Hydralisk  
  72  9:16  Hydralisk  
  67  9:53  Hydralisk  
  67  9:54  Hydralisk x9  
  67  9:59  Muscular Augments  
  87  10:00  Hatchery  
  86  10:07  Evolution Chamber  
  86  10:08  Evolution Chamber  
  80  10:28  Overlord x3  
  80  10:34  Zerg Missile Weapons Level 1  
  80  10:35  Zerg Melee Weapons Level 1  
  80  10:38  Overlord x2  
  80  10:52  Spine Crawler  
  80  10:56  Drone x5, Spine Crawler  
  83  11:02  Spine Crawler  
  82  11:11  Overseer  
  82  11:14  Overseer  
  82  11:16  Overseer  
  82  11:18  Overseer  
  82  11:23  Zergling x16  
  90  11:33  Queen  
  90  11:38  Zergling x10  
  97  11:50  Hydralisk  
  97  11:51  Hydralisk  
  101  12:02  Extractor  
  101  12:07  Extractor  
  99  12:18  Infestation Pit  
  99  12:20  Lurker Den  
  99  12:22  Drone x11  
  108  12:23  Drone  
  108  12:25  Drone  
  110  12:41  Zerg Missile Weapons Level 2  
  110  12:42  Zerg Melee Weapons Level 2  
  110  13:13  Drone  
  110  13:14  Drone x3  
  110  13:16  Overlord  
  110  13:17  Overlord x5  
  114  13:50  Lurker x5  
  119  13:56  Hydralisk  
  119  13:58  Hatchery  
  119  14:00  Hydralisk  
  122  14:02  Hydralisk  
  122  14:04  Hydralisk  
  126  14:15  Hydralisk, Hive  
  126  14:16  Hydralisk x8  
  144  14:20  Zergling x6  
  147  14:27  Zergling x8  
  151  14:33  Zergling x2  
  151  14:35  Zergling x2  
  151  14:37  Zergling x2  
  154  14:39  Zergling x2  
  155  14:54  Lurker  
  155  14:56  Lurker  
  155  14:57  Lurker  
  158  15:00  Lurker  
  156  15:38  Hydralisk x5  
  165  15:50  Overseer  
Show
View Real Time Build Order
Export as new Build Order

MasterOfMerk Protoss - Winner!

Build Orders:  

Get SALT Encoding   

  12  0:02  Probe  
  13  0:15  Pylon  
  13  0:17  Probe (Chrono Boost)  
  15  0:29  Probe (Chrono Boost)  
  15  0:35  Probe (Chrono Boost)  
  15  0:39  Gateway  
  16  0:43  Probe  
  17  0:50  Assimilator  
  17  0:55  Probe  
  18  1:08  Probe  
  19  1:14  Pylon  
  19  1:21  Assimilator, Probe  
  20  1:29  Zealot  
  22  1:35  Cybernetics Core  
  22  1:40  Gateway  
  22  1:48  Probe (Chrono Boost)  
  22  1:56  Zealot  
  22  1:58  Probe (Chrono Boost)  
  25  2:03  Probe (Chrono Boost)  
  25  2:08  Warp Gate (Chrono Boost)  
  26  2:28  Pylon  
  26  2:45  Pylon  
  26  2:46  Zealot  
  28  2:59  Zealot  
  28  3:01  Probe  
  31  3:13  Probe  
  31  3:15  Robotics Facility  
  32  3:35  Nexus  
  32  3:46  Pylon  
  32  3:47  Zealot x2  
  36  3:48  Pylon  
  36  3:51  Probe  
  37  4:07  Pylon  
  37  4:14  Gateway  
  37  4:16  Gateway  
  37  4:27  Probe  
  38  4:35  Immortal (Chrono Boost)  
  42  4:39  Probe  
  43  4:47  Probe  
  43  4:51  Probe  
  45  5:04  Immortal (Chrono Boost)  
  49  5:19  Shield Battery  
  49  5:21  Shield Battery  
  49  5:25  Stalker  
  49  5:26  Zealot x2  
  55  5:34  Probe  
  55  5:35  Probe  
  57  5:45  Zealot  
  57  5:47  Probe  
  57  5:48  Zealot x2  
  50  5:53  Zealot  
  52  6:02  Probe (Chrono Boost)  
  50  6:07  Zealot, Probe (Chrono Boost)  
  53  6:13  Probe (Chrono Boost)  
  53  6:16  Probe (Chrono Boost)  
  53  6:17  Probe (Chrono Boost)  
  54  6:19  Immortal  
  54  6:24  Zealot  
  51  6:33  Zealot x2  
  51  6:35  Zealot  
  57  6:48  Probe x2  
  57  6:53  Shield Battery  
  59  6:56  Zealot x2  
  59  7:00  Probe (Chrono Boost)  
  60  7:05  Immortal (Chrono Boost)  
  64  7:10  Probe (Chrono Boost)  
  66  7:18  Probe (Chrono Boost)  
  66  7:19  Zealot x2  
  66  7:20  Assimilator  
  70  7:37  Immortal (Chrono Boost)  
  70  7:39  Zealot  
  70  7:40  Zealot, Forge  
  78  7:49  Pylon  
  78  7:51  Pylon  
  78  8:07  Probe x2  
  78  8:08  Pylon  
  78  8:10  Pylon  
  80  8:22  Nexus  
  80  8:36  Immortal  
  84  8:41  Protoss Ground Weapons Level 1 (Chrono Boost)  
  84  8:42  Stalker  
  84  8:43  Stalker x3  
  92  8:57  Gateway  
  92  8:58  Gateway, Pylon  
  92  9:01  Gateway  
  92  9:15  Observer  
  65  9:46  Stalker x3  
  65  9:47  Stalker  
  65  9:52  Stalker  
  73  9:55  Probe x3  
  73  9:56  Immortal (Chrono Boost)  
  80  10:07  Probe x3  
  80  10:08  Robotics Facility  
  80  10:09  Zealot x4  
  80  10:10  Stalker  
  80  10:11  Gateway, Stalker  
  95  10:19  Probe  
  92  10:31  Shield Battery  
  92  10:32  Shield Battery  
  92  10:34  Shield Battery  
  92  10:36  Pylon  
  92  10:38  Immortal  
  96  10:46  Stalker x4  
  96  10:47  Protoss Shields Level 1 (Chrono Boost)  
  104  10:50  Twilight Council  
  104  11:04  Probe x3  
  105  11:09  Assimilator  
  107  11:23  Nexus, Forge  
  107  11:24  Forge  
  107  11:31  Immortal x2  
  115  11:39  Probe x3  
  117  11:44  Assimilator  
  117  11:46  Assimilator  
  117  11:48  Charge (Chrono Boost)  
  117  11:50  Pylon  
  117  11:51  Pylon, Probe  
  117  11:53  Pylon  
  118  11:58  Stalker x2  
  118  11:59  Stalker  
  124  12:07  Protoss Ground Weapons Level 2 (Chrono Boost)  
  124  12:10  Protoss Ground Armor Level 1 (Chrono Boost)  
  124  12:22  Probe x2  
  126  12:23  Probe  
  126  12:28  Shield Battery  
  126  12:29  Shield Battery  
  127  12:31  Shield Battery  
  127  12:35  Photon Cannon  
  127  12:37  Photon Cannon  
  127  12:38  Photon Cannon, Probe x3  
  127  12:40  Photon Cannon  
  130  12:45  Immortal  
  134  12:54  Warp Prism  
  136  13:05  Gateway  
  136  13:08  Gateway  
  136  13:19  Blink (Chrono Boost)  
  136  13:27  Protoss Shields Level 2 (Chrono Boost)  
  136  13:29  Gateway  
  136  13:33  Gateway  
  136  13:37  Assimilator  
  136  13:40  Gateway x2  
  136  13:41  Gateway  
  136  13:44  Immortal  
  136  13:45  Gateway  
  140  13:53  Immortal  
  144  14:03  Assimilator  
  144  14:06  Pylon  
  144  14:08  Pylon  
  144  14:09  Pylon  
  144  14:12  Pylon x2  
  144  14:21  Zealot x3  
  144  14:22  Zealot x4  
  158  14:36  Immortal  
  158  14:38  Stalker x2  
  166  14:41  Probe x3  
  169  14:48  Observer  
  169  14:51  Stalker x2  
  169  14:52  Zealot x2  
  178  14:53  Zealot  
  180  15:10  Zealot  
  180  15:11  Zealot x5  
  180  15:12  Zealot  
  178  15:39  Observer  
  178  15:40  Observer  
  180  15:48  Stalker x4  
  180  15:49  Stalker x4  
  196  15:50  Stalker x2  
  167  16:31  Stalker x3  
  167  16:32  Stalker x3  
  151  16:33  Stalker x3  
  151  16:34  Stalker x3  
  155  16:51  Zealot x4  
Tags
 
Add a new tag
Caveats
  • Supply blocks, unpowered buildings, or Contaminate may cause inaccurate times.
  • Supply counts are checked every 10 seconds.